 Dungeon Crawl Stone Soup version 0.20.1-1-g8b1a95d (webtiles) character file.

374696 Darkyelf the Severer (level 21, -1/185 HPs)
             Began as a Centaur Abyssal Knight on Nov 9, 2017.
             Was the Champion of Lugonu.
             Killed from afar by a deep elf sorcerer (44 damage)
             ... with a bolt of acid
             ... on level 3 of the Elven Halls on Nov 10, 2017.
             The game lasted 02:35:13 (73177 turns).

Darkyelf the Severer (Centaur Abyssal Knight)      Turns: 73177, Time: 02:35:14

Health: -1/185     AC: 40    Str: 31    XL:     21   Next: 77%
Magic:  33/33      EV:  7    Int: 11    God:    Lugonu [******]
Gold:   824        SH: 21    Dex: 17    Spells: 20/20 levels left

rFire    + + .     SeeInvis .   W - +7 broad axe (flame)
rCold    . . .     Gourm    .   J - +5 shield {AC+3}
rNeg     + . .     Faith    .   D - +4 plate armour {rF+}
rPois    .         Spirit   .   p - +2 helmet
rElec    .         Reflect  +   Q - scarf "Qoec" {rN+ MR+ Str+3}
rCorr    .         Harm     .   P - +0 pair of fencer's gloves {+Riposte Dex+3}
MR       +++..     Clarity  +   z - +4 centaur barding
Stlth    ..........             Y - +2 amulet of reflection
Regen    0.4/turn               l - +5 ring of strength
MPRegen  0.3/turn               M - ring of Asechaab {*Drain rF+ MR+ Dex+3}

@: very slightly contaminated, very quick
A: hooves 3, molten scales 1, clarity, deformed body, speed 2, tough skin 3,
subdued magic 1, sturdy frame 1
}: 2/15 runes: decaying, serpentine
a: Depart the Abyss, Bend Space, Banish, Corrupt, Enter the Abyss, Brand Weapon
With Distortion, Renounce Religion


You were on level 3 of the Elven Halls.
You worshipped Lugonu.
Lugonu was exalted by your worship.
You were not hungry.

You visited 7 branches of the dungeon, and saw 39 of its levels.
You visited the Abyss 1 time.
You also visited: Sewer and Ice Cave.

You collected 4580 gold pieces.
You spent 3756 gold pieces at shops.

Inventory:

Hand Weapons
 c - a +2 war axe of electrocution
 O - a +4 war axe of chopping
 W - a +7 broad axe of flaming (weapon)
Missiles
 R - 14 javelins
 U - 3 poisoned javelins (quivered)
Armour
 e - a +2 plate armour of cold resistance
 p - a +2 helmet (worn)
 z - a +4 centaur barding (worn)
 D - a +4 plate armour of fire resistance (worn)
 E - the +1 cloak of Starlight {rElec rC+ EV+4 Stlth--}
   (You bought it in a shop on level 8 of the Dungeon)

   It affects your evasion (+4).
   It protects you from cold.
   It insulates you from electricity.
   It makes you much less stealthy.
 F - the +1 cloak of the Harp {rPois Int+2 SInv}
   (You bought it in a shop on level 3 of the Vaults)

   It affects your intelligence (+2).
   It protects you from poison.
   It lets you see invisible.
 J - a +5 shield of protection (worn)
 P - the +0 pair of fencer's gloves (worn) {+Riposte Dex+3}
   (You found it on level 2 of the Lair of Beasts)

   It affects your dexterity (+3).
 Q - the scarf "Qoec" (worn) {rN+ MR+ Str+3}
   (You found it on level 2 of the Lair of Beasts)

   It affects your strength (+3).
   It protects you from negative energy.
   It affects your resistance to hostile enchantments.
Jewellery
 l - a +5 ring of strength (left hand)
 C - an uncursed ring of protection from fire
 M - the ring of Asechaab (right hand) {*Drain rF+ MR+ Dex+3}
   (You found it on level 10 of the Dungeon)

   [ring of protection from fire]

   It affects your dexterity (+3).
   It protects you from fire.
   It affects your resistance to hostile enchantments.
   It causes draining when unequipped.
 Y - a +2 amulet of reflection (around neck)
Scrolls
 h - 6 scrolls of magic mapping
 j - 19 scrolls of teleportation
 m - 4 scrolls of blinking
 o - 11 scrolls of fog
 q - 12 scrolls of fear
 x - 13 scrolls of identify
 y - 3 scrolls of recharging
 I - 15 scrolls of remove curse
Potions
 a - a potion of invisibility
 g - 6 potions of brilliance
 k - 13 potions of curing
 n - 3 potions of resistance
 r - 9 potions of might
 s - 3 potions of magic
 u - 3 potions of cancellation
 w - 2 potions of ambrosia
 G - 3 potions of haste
 K - 4 potions of agility
 S - a potion of berserk rage
 T - 8 potions of heal wounds
 V - 3 potions of flight
Miscellaneous
 H - a lightning rod (4/4)
Comestibles
 b - 18 meat rations
 f - 15 fruits
 i - 25 royal jellies
 B - 5 bread rations


   Skills:
 + Level 15.6 Fighting
 + Level 19.1 Axes
 + Level 5.4 Throwing
 * Level 15.4 Armour
 + Level 3.1 Dodging
 + Level 11.3 Shields
 * Level 17.7 Invocations


You had 20 spell levels left.
You didn't know any spells.

Dungeon Overview and Level Annotations

Branches:
Dungeon (15/15)            Temple (0/1) D:7            Lair (6/6) D:9
  Swamp (4/4) Lair:2        Snake (4/4) Lair:4        Slime (0/5) Lair:6
    Orc (2/2) D:11            Elf (3/3) Orc:2        Vaults (4/5) D:14
  Crypt (0/3) Vaults:3     Depths (0/5) D:15

Altars:
Elyvilon
Hepliaklqana
Nemelex Xobeh
Qazlal
Uskayaw
Xom
Zin
Beogh
Jiyva

Shops:
D:8 *   D:9 [(?}%   D:15 *   Orc:2 ((?*!   Elf:3 *=}}   Snake:1 :*!:[(([
Vaults:1 !   Vaults:3 [   Vaults:4 =!?*

Annotations:
Vaults:5 corrupted
Abyss:1 Sonja


Innate Abilities, Weirdness & Mutations

You have hooves in place of feet.
Armour fits poorly on your strangely shaped body.
You cover ground very quickly.
You have extremely tough skin. (AC +3)
You are partially covered in molten scales. (AC +2)
You possess an exceptional clarity of mind.
Your spells are a little easier to cast, but a little less powerful.
Your movements are slightly less encumbered by armour. (ER -2)


Message History

As you read the scroll of blinking, it crumbles to dust.
The deep elf sorcerer shouts!
The deep elf annihilator shouts!
The deep elf mage shouts!
The deep elf annihilator gestures wildly while chanting.
The deep elf annihilator blinks!
The deep elf annihilator gestures at you while chanting.
The bolt of lightning hits you!
* * * LOW HITPOINT WARNING * * *
The deep elf mage casts a spell.
The deep elf mage blinks!
Welcome back, Darkyelf the Centaur Abyssal Knight.
Lugonu says: Spread carnage and corruption!
Press ? for a list of commands and other information.
You feel much better.
Blink to where?
Press: ? - help, Dir - move target cursor
As you read the scroll of blinking, it crumbles to dust.
The deep elf sorcerer casts a spell at you.
The bolt of acid hits you!
You die...

*,.+##.......##.########'##
****+#.......#'###........#
*#.........## #........#
##.........## ##.......#
#...........# #.......#
#...........# ##......#
#.....:.....# #......#
##....)...e## ##...###
#.....@...# #...'##
##.......ยง## ##'.##.#
#...e...#.## ##.#.###.
###..'..#..###.#### ##
#############....#....#.########
#............e.............(.)..
#......................e........
#.........................)...e(
#.......................)(......


You could see a deep elf annihilator, a deep elf sorcerer and a deep elf mage.

Vanquished Creatures
  A deep elf blademaster (Elf:2)
  A deep elf master archer (Elf:3)
  Kirke (Lair:4)
  2 thorn hunters (Swamp:4)
  9 nagarajas
  A fire giant (Vaults:2)
  3 deep elf sorcerers
  A frost giant (Vaults:4)
  13 vault wardens
  Aizul (Snake:4)
  A juggernaut zombie (D:15)
  A deep elf elementalist (Elf:3)
  15 ironheart preservers
  An orc warlord (Vaults:3)
  A war gargoyle (Vaults:4)
  A juggernaut skeleton (D:15)
  5 stone giants
  2 large abominations (Vaults:4)
  4 deep elf demonologists
  Nessos (D:15)
  2 deep elf annihilators
  A vampire knight (Vaults:3)
  The ghost of ThereIsNoGod the Grappler, a journeyman TrFi of Okawaru (D:12)
  Josephine (D:11)
  A blizzard demon (IceCv)
  A crystal guardian (Vaults:1)
  4 deep elf death magi
  3 fire dragons
  12 naga warriors
  2 rakshasas (Vaults:1)
  6 yaktaur captains
  4 deep elf high priests
  Erolcha (D:11)
  An ice dragon (Vaults:1)
  18 vault guards
  7 anacondas
  6 centaur warriors
  A catoblepas (Lair:6)
  21 hydras
  9 ogre magi
  21 two-headed ogres
  2 death knights
  25 dancing weapons
  5 alligators
  6 death yaks (Lair:6)
  2 ghost crabs
  3 tengu warriors
  4 deep troll shamans
  3 deep troll earth magi
  The ghost of Chudej the Destroyer, a journeyman DECj of Sif Muna (D:11)
  A soul eater (Vaults:3)
  7 shock serpents
  4 skeletal warriors
  A spriggan berserker (Swamp:4)
  16 deep elf knights
  6 orc high priests
  25 naga sharpshooters
  The ghost of tmwrnj the Cleaver, a novice HOFi (D:9)
  A storm dragon skeleton (Vaults:3)
  4 salamander mystics
  A shadow wraith (Vaults:4)
  3 spriggan druids
  6 sea snakes (Snake:2)
  A death drake (shapeshifter) (Vaults:1)
  A glowing orange brain (Vaults:4)
  13 deep trolls
  3 flayed ghosts
  11 naga ritualists
  A sea snake (shapeshifter) (Elf:3)
  17 deep elf archers
  9 swamp dragons
  2 shambling mangroves (Swamp:3)
  16 ironbrand convokers
  A lindwurm (shapeshifter) (Vaults:3)
  2 lindwurms
  56 deep elf magi
  39 ugly things
  A harpy (shapeshifter) (Elf:3)
  5 necromancers
  32 orc knights
  21 harpies
  3 manticores
  6 orc sorcerers
  A wolf spider (Vaults:3)
  9 salamanders
  A stone giant zombie (D:15)
  11 mana vipers
  A manticore (shapeshifter) (Vaults:2)
  4 cyclopes
  10 elephants
  3 guardian serpents
  5 centaur zombies
  20 vault sentinels
  35 black mambas
  3 ice statues
  22 naga magi
  2 gargoyles
  A spiny frog (shapeshifter) (Vaults:2)
  The ghost of Qupu the Poker, a novice MfSk of Okawaru (D:4)
  A redback zombie (D:15)
  2 rime drakes
  12 spiny frogs
  A storm dragon simulacrum (Vaults:3)
  31 yaktaurs
  6 freezing wraiths
  3 komodo dragons
  A komodo dragon (shapeshifter) (Vaults:4)
  14 ice devils (IceCv)
  19 hornets
  A queen bee (D:10)
  2 small abominations
  A wind drake (shapeshifter) (Vaults:4)
  2 polar bears (shapeshifter)
  8 trolls
  5 tyrant leeches
  A polar bear (Lair:6)
  8 bog bodies
  An ettin zombie (Vaults:1)
  A meliai zombie (D:15)
  18 hippogriffs
  34 blink frogs
  24 slime creatures
  A spriggan (shapeshifter) (Vaults:2)
  A vampire (D:15)
  5 water elementals
  2 air elementals
  A centaur simulacrum (D:15)
  10 spriggans
  A redback (shapeshifter) (D:14)
  8 wraiths
  An ettin skeleton (Vaults:1)
  3 shadows
  4 hogs (Lair:4)
  2 wyverns
  37 yaks
  A hog (shapeshifter) (Vaults:4)
  A basilisk (D:11)
  A human (shapeshifter) (Vaults:4)
  3 fire elementals
  6 wargs
  2 hungry ghosts
  21 vampire mosquitoes
  A yaktaur simulacrum (Vaults:3)
  50 nagas
  17 swamp worms
  14 insubstantial wisps
  3 acid dragons
  2 soldier ants (shapeshifter) (Vaults:2)
  A floating eye (shapeshifter) (D:15)
  10 water moccasins
  A tengu zombie (D:15)
  10 porcupines
  2 ice beasts
  69 orc warriors
  A porcupine (shapeshifter) (Vaults:2)
  20 swamp drakes
  An eye of draining (shapeshifter) (D:11)
  3 black bears
  4 hornet zombies
  30 ogres
  5 sky beasts
  2 eyes of draining (D:15)
  A phantom (D:4)
  An elf zombie (Vaults:3)
  An ogre skeleton (Vaults:1)
  2 human zombies
  2 boggarts
  13 centaurs
  A human skeleton (Vaults:1)
  15 wolves
  A big kobold (shapeshifter) (Vaults:2)
  13 crocodiles
  3 big kobolds (D:14)
  12 bullfrogs
  2 gnoll sergeants
  2 earth elementals
  A wyvern skeleton (D:14)
  A water moccasin skeleton (D:4)
  4 scorpions
  4 human simulacra (Vaults:1)
  19 killer bees
  5 electric eels
  5 howler monkeys
  4 wights (D:12)
  11 crimson imps
  A quasit (D:11)
  8 hounds
  40 orc priests
  3 bullfrog skeletons
  4 jellies
  32 orc wizards
  9 centaur skeletons
  5 iguanas
  12 worker ants
  2 hound zombies
  A hound skeleton (D:8)
  A worker ant zombie (D:4)
  6 gnolls
  19 adders
  A river rat (Sewer)
  3 shadow imps
  6 white imps (IceCv)
  8 ufetubi (IceCv)
  3 oozes
  An adder zombie (D:7)
  6 worms
  2 dart slugs (D:1)
  10 leopard geckos
  131 orcs
  6 giant cockroaches
  12 goblins
  12 hobgoblins
  17 jackals
  9 quokkas
  A ball python (D:6)
  6 bats
  8 frilled lizards
  18 kobolds
  A leopard gecko skeleton (D:4)
  A leopard gecko zombie (D:8)
  12 rats
  A briar patch (Swamp:4)
  9 fungi (Lair:6)
  5 plants
  A withered plant (D:15)
1793 creatures vanquished.

Vanquished Creatures (collateral kills)
  2 deep elf magi (Elf:2)
2 creatures vanquished.

Vanquished Creatures (others)
  The ghost of Qupu the Phalangite, an adept MfGl of Ru (Lair:2)
  An entropy weaver (Vaults:1)
  3 vault guards (Vaults:5)
  2 two-headed ogres
  A shock serpent (Snake:3)
  An unseen horror (Vaults:1)
  3 deep elf archers (Elf:3)
  A deep elf mage (Vaults:3)
  3 oklob plants (Lair:2)
  An orc warrior (D:14)
  An ogre (Vaults:5)
  2 killer bees
  An orc priest (Orc:2)
  An iguana (Lair:2)
  A white imp (IceCv)
  2 ufetubi (IceCv)
  A briar patch (Swamp:4)
  A crawling corpse (Elf:1)
  9 fungi
  21 plants
  A starspawn tentacle (Vaults:5)
  A withered plant (D:15)
59 creatures vanquished.

Grand Total: 1854 creatures vanquished

Notes
Turn   | Place    | Note
-------+----------+-------------------------------------------
     0 | Abyss:1  | Darkyelf the Centaur Abyssal Knight began the quest for the Orb.
     0 | Abyss:1  | Reached XP level 1. HP: 19/19 MP: 2/2
    40 | Abyss:1  | Found a corrupted altar of Lugonu.
    41 | Abyss:1  | Found a roughly hewn altar of Beogh.
    98 | Abyss:3  | Found a corrupted altar of Lugonu.
    98 | Abyss:3  | Noticed a blink frog
    98 | Abyss:3  | Noticed a mad acolyte of Lugonu
    98 | Abyss:3  | Noticed a thrashing horror
    98 | Abyss:3  | Noticed a tentacled starspawn
    99 | D:1      | Escaped the Abyss
   346 | D:1      | Reached XP level 2. HP: 26/26 MP: 3/3
   385 | D:1      | Reached * piety under Lugonu
   568 | D:1      | Reached XP level 3. HP: 32/33 MP: 4/4
   823 | D:1      | Reached skill level 2 in Axes
  1200 | D:2      | Reached ** piety under Lugonu
  1207 | D:2      | Found a sparkling altar of Nemelex Xobeh.
  1382 | D:2      | Reached XP level 4. HP: 40/40 MP: 5/5
  1951 | D:3      | Found a glowing drain.
  1955 | Sewer    | Entered a sewer
  2132 | Sewer    | Reached *** piety under Lugonu
  2260 | Sewer    | Reached XP level 5. HP: 46/46 MP: 6/6
  2551 | D:3      | Reached skill level 3 in Axes
  2834 | D:3      | Found a hide-covered altar of Uskayaw.
  3341 | D:3      | Reached XP level 6. HP: 53/53 MP: 8/8
  3386 | D:3      | Found a glowing silver altar of Zin.
  3389 | D:3      | Found a shimmering altar of Xom.
  3391 | D:3      | Found a white marble altar of Elyvilon.
  3690 | D:4      | Reached **** piety under Lugonu
  3714 | D:4      | Noticed Qupu's ghost (novice MfSk)
  4069 | D:4      | Killed Qupu's ghost
  4069 | D:4      | Reached skill level 4 in Axes
  4069 | D:4      | Reached XP level 7. HP: 24/60 MP: 9/9
  4086 | D:4      | Reached skill level 5 in Fighting
  4931 | D:4      | Reached XP level 8. HP: 31/68 MP: 11/11
  5276 | D:5      | Entered Level 5 of the Dungeon
  5797 | D:5      | Reached skill level 5 in Axes
  5797 | D:5      | Reached skill level 1 in Dodging
  5952 | D:5      | Reached skill level 5 in Armour
  6563 | D:6      | Reached skill level 5 in Invocations
  7387 | D:7      | Found a staircase to the Ecumenical Temple.
  7387 | D:7      | Noticed a hippogriff
  7410 | D:7      | Killed a hippogriff
  7410 | D:7      | Reached XP level 9. HP: 42/75 MP: 13/13
  7516 | D:7      | Reached skill level 6 in Axes
  7547 | D:7      | Reached skill level 1 in Throwing
  7950 | D:7      | Gained mutation: You are resistant to electric shocks. (rElec) [potion of mutation]
  7950 | D:7      | Gained mutation: You are partially covered in iridescent scales. (AC +2) [potion of mutation]
  7982 | D:7      | Gained mutation: You are somewhat resistant to further mutation. [mutagenic meat]
  7984 | D:7      | Gained mutation: Scrolls take you a little longer to read. [mutagenic meat]
  8794 | D:8      | Found a hazy altar of Hepliaklqana.
  8815 | D:8      | Reached skill level 1 in Shields
  8936 | D:8      | Noticed a two-headed ogre
  9025 | D:8      | Banished a two-headed ogre
  9360 | D:8      | Reached skill level 7 in Axes
  9432 | D:8      | Reached XP level 10. HP: 43/84 MP: 14/14
  9833 | D:8      | Found Tadaziemm's General Store.
  9969 | D:9      | Found Qamom's Gadget Boutique.
  9969 | D:9      | Found Ysmey's Food Shoppe.
 10188 | D:9      | Found Zadus's Weapon Shoppe.
 10188 | D:9      | Noticed tmwrnj's ghost (novice HOFi)
 10984 | D:8      | Reached ***** piety under Lugonu
 11478 | D:9      | Killed tmwrnj's ghost
 11866 | D:9      | Found a staircase to the Lair.
 11884 | D:9      | Found Uclaricw's Magic Scroll Shop.
 11890 | D:9      | Bought a scroll of enchant weapon for 75 gold pieces
 11890 | D:9      | Bought a scroll of teleportation for 30 gold pieces
 12026 | D:9      | Found Gonkoch's Antique Armour Shop.
 12101 | D:9      | Found a stormy altar of Qazlal.
 12195 | D:10     | Entered Level 10 of the Dungeon
 12205 | D:10     | Noticed a two-headed ogre
 12220 | D:10     | Killed a two-headed ogre
 12220 | D:10     | Reached skill level 8 in Axes
 12745 | D:10     | Got a fine bronze ring
 13270 | D:10     | Reached XP level 11. HP: 87/92 MP: 16/16
 14287 | D:10     | Identified the ring of Asechaab {*Drain rF+ MR+ Dex+3} (You found it on level 10 of the Dungeon)
 15675 | Lair:1   | Entered Level 1 of the Lair of Beasts
 16927 | Lair:1   | Reached skill level 9 in Axes
 17895 | Lair:2   | Noticed Qupu's ghost (adept MfGl)
 17906 | Lair:2   | HP: 3/92 [Qupu's ghost (21)]
 17908 | Lair:2   | Banished Qupu's ghost
 18458 | Lair:2   | Reached XP level 12. HP: 100/100 MP: 18/18
 19000 | Lair:2   | Found a staircase to the Swamp.
 19392 | Lair:2   | Got a scorched scarf
 19414 | Lair:2   | Identified the scarf "Qoec" {rN+ MR+ Str+3} (You found it on level 2 of the Lair of Beasts)
 19827 | Lair:2   | Reached skill level 10 in Invocations
 21686 | Lair:4   | Found a staircase to the Snake Pit.
 22060 | Lair:4   | Reached skill level 10 in Axes
 22088 | Lair:4   | Lost mutation: Scrolls take you a little longer to read. [potion of mutation]
 22088 | Lair:4   | Lost mutation: You are partially covered in iridescent scales. (AC +2) [potion of mutation]
 22088 | Lair:4   | Lost mutation: You are somewhat resistant to further mutation. [potion of mutation]
 22088 | Lair:4   | Gained mutation: You are somewhat resistant to further mutation. [potion of mutation]
 22088 | Lair:4   | Gained mutation: Your flesh is cold resistant. (rC+) [potion of mutation]
 22955 | Lair:5   | Noticed Kirke
 22986 | Lair:4   | Reached skill level 10 in Armour
 22987 | Lair:4   | Reached skill level 5 in Throwing
 23069 | Lair:4   | Killed Kirke
 23069 | Lair:4   | Reached XP level 13. HP: 100/108 MP: 19/21
 23270 | Lair:5   | Identified 2 scrolls of acquirement
 23348 | Lair:5   | Got a bloodstained great mace
 23361 | Lair:5   | Identified the +5 great mace of Fate {antimagic, MR+ MP-9 Str+3 Int+3} (You found it on level 5 of the Lair of Beasts)
 24070 | Lair:6   | Entered Level 6 of the Lair of Beasts
 24367 | Lair:6   | Reached skill level 11 in Axes
 24702 | Lair:6   | Found a viscous altar of Jiyva.
 24954 | Lair:6   | Found a staircase to the Slime Pits.
 26587 | Lair:2   | Reached XP level 14. HP: 99/118 MP: 22/22
 26995 | D:11     | Reached skill level 12 in Axes
 27084 | D:11     | Noticed Chudej's ghost (journeyman DECj)
 27111 | D:11     | Killed Chudej's ghost
 27348 | D:11     | Found a staircase to the Orcish Mines.
 27418 | D:11     | Noticed Josephine
 27418 | D:11     | Noticed Erolcha
 27754 | D:11     | Killed Josephine
 27821 | D:11     | Killed Erolcha
 28105 | D:11     | Reached ****** piety under Lugonu
 28550 | D:12     | Noticed ThereIsNoGod's ghost (journeyman TrFi)
 28561 | D:12     | Killed ThereIsNoGod's ghost
 29331 | D:12     | Reached skill level 5 in Shields
 29674 | D:13     | Gained mutation: You are clumsy. (Dex -2) [mutagenic meat]
 29675 | D:13     | Lost mutation: You are resistant to electric shocks. (rElec) [potion of mutation]
 29675 | D:13     | Lost mutation: You are clumsy. (Dex -2) [potion of mutation]
 29675 | D:13     | Lost mutation: You are somewhat resistant to further mutation. [potion of mutation]
 29675 | D:13     | Gained mutation: Your body sometimes deteriorates upon taking damage. [potion of mutation]
 29675 | D:13     | Gained mutation: Your system is resistant to poisons. (rPois) [potion of mutation]
 29675 | D:13     | Gained mutation: You have a pair of small horns on your head. [potion of mutation]
 29736 | D:13     | Lost mutation: You have a pair of small horns on your head. [potion of mutation]
 29736 | D:13     | Lost mutation: Your system is resistant to poisons. (rPois) [potion of mutation]
 29736 | D:13     | Lost mutation: Your flesh is cold resistant. (rC+) [potion of mutation]
 29736 | D:13     | Lost mutation: Your body sometimes deteriorates upon taking damage. [potion of mutation]
 29736 | D:13     | Gained mutation: Your movements are slightly less encumbered by armour. (ER -2) [potion of mutation]
 29736 | D:13     | Gained mutation: You possess an exceptional clarity of mind. [potion of mutation]
 29736 | D:13     | Gained mutation: You are partially covered in molten scales. (AC +2) [potion of mutation]
 30043 | D:13     | Noticed a fire giant
 30900 | D:14     | Noticed Sonja
 30904 | D:14     | Banished Sonja
 31770 | D:14     | Found a gate to the Vaults.
 31908 | D:14     | Reached skill level 10 in Fighting
 32066 | D:15     | Entered Level 15 of the Dungeon
 32066 | D:15     | Found Hoiqogat's General Store.
 32227 | D:14     | Reached skill level 13 in Axes
 32511 | D:15     | Noticed Nessos
 32821 | D:15     | Killed Nessos
 32924 | D:15     | Reached XP level 15. HP: 117/126 MP: 24/24
 33346 | D:15     | Found a staircase to the Depths.
 35053 | D:15     | Paralysed by a floating eye for 4 turns
 35262 | D:15     | Got a warped mace
 35263 | D:15     | Identified the +8 mace of True Grit {crush, Stlth+} (You found it on level 15 of the Dungeon)
 35404 | Orc:1    | Entered Level 1 of the Orcish Mines
 35513 | Orc:2    | Entered Level 2 of the Orcish Mines
 35522 | Orc:2    | Found a staircase to the Elven Halls.
 35833 | Orc:1    | Found a roughly hewn altar of Beogh.
 36411 | Orc:2    | Found a roughly hewn altar of Beogh.
 36416 | Orc:2    | Found Doceogg's Antique Weapon Boutique.
 36773 | Orc:2    | Found Gank's Distillery.
 37136 | Orc:2    | Gained mutation: Your spells are a little easier to cast, but a little less powerful. [a neqoxec]
 37333 | Orc:2    | Reached skill level 14 in Axes
 37891 | Orc:2    | Found Azizudih's Antique Weapon Emporium.
 37892 | Orc:2    | Found Ihicuus's Assorted Antiques.
 37913 | Orc:2    | Found Xegech's Magic Scroll Shop.
 37959 | Orc:2    | Bought a scroll of enchant weapon for 97 gold pieces
 37966 | Orc:2    | Bought a scroll of blinking for 97 gold pieces
 37966 | Orc:2    | Bought a scroll of teleportation for 39 gold pieces
 37966 | Orc:2    | Bought a scroll of teleportation for 39 gold pieces
 37974 | Orc:2    | Bought 2 metallic sapphire potions for 50 gold pieces
 37974 | Orc:2    | Bought a potion of heal wounds for 140 gold pieces
 37977 | Orc:2    | Bought a potion of heal wounds for 75 gold pieces
 37977 | Orc:2    | Bought a potion of curing for 45 gold pieces
 37977 | Orc:2    | Bought 2 potions of curing for 90 gold pieces
 37977 | Orc:2    | Bought a potion of heal wounds for 75 gold pieces
 37977 | Orc:2    | Bought a potion of heal wounds for 75 gold pieces
 37977 | Orc:2    | Bought 2 potions of haste for 300 gold pieces
 37977 | Orc:2    | Bought a potion of heal wounds for 75 gold pieces
 37977 | Orc:2    | Bought a potion of ambrosia for 120 gold pieces
 38451 | Snake:1  | Entered Level 1 of the Snake Pit
 38662 | D:8      | Bought the +1 cloak of Starlight {rElec rC+ EV+4 Stlth--} for 578 gold pieces
 38662 | D:8      | Bought a scroll of brand weapon for 260 gold pieces
 38859 | Snake:1  | Found Yteigg's Armour Shoppe.
 38862 | Snake:1  | Found Notois's Antique Weapon Emporium.
 38862 | Snake:1  | Found Kopruz's Book Shoppe.
 38865 | Snake:1  | Found Tegh's Antique Weapon Emporium.
 39834 | Snake:1  | Found Zeosas's Antique Armour Shop.
 39882 | Snake:1  | Reached XP level 16. HP: 102/137 MP: 25/25
 40147 | Snake:1  | Found Ufrezid's Assorted Antiques.
 40521 | Snake:1  | Found Jyvom's Book Emporium.
 40917 | Snake:1  | Found Qeruboy's Distillery.
 40974 | Snake:1  | Bought a triangular amethyst amulet for 135 gold pieces
 44355 | Snake:2  | Reached skill level 15 in Axes
 45835 | Snake:4  | Entered Level 4 of the Snake Pit
 46481 | Snake:4  | Noticed Aizul
 46517 | Snake:4  | Killed Aizul
 46733 | Snake:4  | Reached XP level 17. HP: 145/145 MP: 27/27
 50489 | Snake:4  | Got a serpentine rune of Zot
 50859 | Snake:2  | Reached skill level 16 in Axes
 51195 | Vaults:1 | Entered Level 1 of the Vaults
 52797 | Vaults:1 | Reached XP level 18. HP: 149/154 MP: 29/29
 53362 | Vaults:1 | Found Addiule's Distillery.
 53368 | Vaults:1 | Bought a potion of heal wounds for 70 gold pieces
 53368 | Vaults:1 | Bought 2 potions of curing for 84 gold pieces
 53368 | Vaults:1 | Bought a potion of cancellation for 112 gold pieces
 53368 | Vaults:1 | Bought a potion of cancellation for 112 gold pieces
 53590 | Vaults:1 | Reached skill level 15 in Invocations
 55732 | Vaults:2 | Reached skill level 17 in Axes
 56826 | Vaults:3 | Found a staircase to the Crypt.
 56839 | Vaults:3 | Reached XP level 19. HP: 83/162 MP: 30/30
 57313 | Vaults:3 | Found Cujung's Armour Boutique.
 57321 | Vaults:3 | Bought the +1 cloak of the Harp {rPois Int+2 SInv} for 349 gold pieces
 57813 | Vaults:3 | Found a roughly hewn altar of Beogh.
 59581 | Vaults:4 | Found Peavvasu's Magic Scroll Boutique.
 59666 | Vaults:4 | Reached skill level 18 in Axes
 60195 | Vaults:4 | Found Idinau's Assorted Antiques.
 60201 | Vaults:4 | Bought a scroll labeled TIEWOB HOVUI for 26 gold pieces
 60201 | Vaults:4 | Bought a scroll of teleportation for 78 gold pieces
 60201 | Vaults:4 | Bought 2 potions of curing for 156 gold pieces
 60740 | Vaults:4 | Reached XP level 20. HP: 151/173 MP: 32/32
 60949 | Vaults:4 | Bought a scroll of enchant armour for 120 gold pieces
 60992 | Vaults:4 | Found Taryojoin's Distillery.
 61002 | Vaults:4 | Bought a potion of heal wounds for 85 gold pieces
 61020 | Vaults:4 | Found Yxagg's Jewellery Shoppe.
 62239 | Vaults:5 | Entered Level 5 of the Vaults
 62240 | Vaults:5 | Corrupted Vaults:5
 62240 | Vaults:5 | Noticed a bone dragon
 62934 | Swamp:1  | Entered Level 1 of the Swamp
 63104 | Swamp:1  | Reached skill level 10 in Shields
 65728 | Swamp:4  | Entered Level 4 of the Swamp
 66044 | Swamp:4  | Reached skill level 15 in Armour
 66582 | Swamp:4  | Got a decaying rune of Zot
 67163 | Elf:1    | Entered Level 1 of the Elven Halls
 67786 | Elf:1    | Reached XP level 21. HP: 183/183 MP: 33/33
 68137 | Elf:1    | Reached skill level 15 in Fighting
 68720 | Elf:1    | Identified Peir's Early Guide to Spellcraft
 68725 | Elf:1    | Identified the Reference Book on Earth
 69749 | Elf:2    | Found a runed gate.
 69749 | Elf:2    | Found a runed gate.
 69749 | Elf:2    | Found a runed gate.
 70987 | Elf:3    | Entered Level 3 of the Elven Halls
 70992 | Elf:3    | Reached skill level 19 in Axes
 71016 | Elf:3    | Found Oteugh's Gadget Boutique.
 71021 | Elf:3    | Found Natupp's Jewellery Emporium.
 71023 | Elf:3    | Found Asmaopn's Gadget Boutique.
 71113 | Elf:3    | Bought a +2 amulet of reflection for 127 gold pieces
 71250 | Elf:3    | Found Sasoaxoh's Gadget Shop.
 71293 | Elf:3    | Found a frozen archway.
 71307 | IceCv    | Entered an ice cave
 72443 | Elf:3    | Found Labas's General Store.
 72459 | Elf:3    | Bought a potion of curing for 42 gold pieces
 73177 | Elf:3    | Killed from afar by a deep elf sorcerer

Skill      XL: |  1  2  3  4  5  6  7  8  9 10 11 12 13 14 15 16 17 18 19 20 21 |
---------------+----------------------------------------------------------------+-----
Axes           | 2 3 4 5 7 8 9 10 11 13 14 15 16 17 18 19 | 19.1
Armour         | 2 3 4 5 6 8 9 10 11 12 13 14 15 | 15.4
Fighting       | 4 5 6 7 8 9 10 11 12 13 14 15 | 15.6
Invocations    | 3 4 5 6 7 9 10 11 12 13 14 15 16 17 | 17.7
Dodging        | 1 2 3 |  3.1
Throwing       | 1 2 4 5 |  5.4
Shields        | 1 2 3 4 5 6 7 8 9 10 11 | 11.3

Action                   |  1- 3 |  4- 6 |  7- 9 | 10-12 | 13-15 | 16-18 | 19-21 || total
-------------------------+-------+-------+-------+-------+-------+-------+-------++-------
Melee: Hand axe          |   107 |   252 |   434 |   404 |       |       |       ||  1197
       Kick              |    21 |    51 |   124 |   282 |   599 |   665 |   696 ||  2438
       War axe           |       |       |       |   453 |  1195 |     6 |       ||  1654
       Broad axe         |       |       |       |       |    75 |  1356 |  1570 ||  3001
Throw: Tomahawk          |       |       |    20 |    91 |       |       |       ||   111
       Javelin           |       |       |       |     5 |    24 |     7 |     3 ||    39
Invok: Depart the Abyss  |     1 |       |       |       |       |       |       ||     1
       Banish            |       |       |     2 |     8 |     2 |     4 |       ||    16
       Bend Space        |       |       |     1 |     1 |     2 |     1 |     2 ||     7
       Corrupt           |       |       |       |       |       |       |     1 ||     1
  Use: Scroll            |     1 |     7 |     7 |     7 |    18 |    15 |    15 ||    70
       Potion            |       |       |     7 |     3 |     5 |     4 |     7 ||    26
 Stab: Petrified         |       |       |       |       |     6 |       |       ||     6
       Distracted        |       |       |       |       |     1 |       |       ||     1
       Confused          |       |       |       |       |       |       |     1 ||     1
       Paralysed         |       |       |       |       |       |       |     1 ||     1
  Eat: Chunk             |     1 |     7 |    17 |    34 |    37 |    23 |    39 ||   158
       Bread ration      |       |       |     3 |     2 |     4 |     6 |       ||    15
       Meat ration       |       |       |     1 |       |       |       |     1 ||     2
       Royal jelly       |       |       |       |       |       |       |     2 ||     2
Armor: Plate armour      |   122 |   246 |   384 |   748 |   922 |   906 |   724 ||  4052
Dodge: Dodged            |    14 |    36 |    43 |   142 |   204 |   228 |   265 ||   932
Block: Buckler           |       |       |    73 |   284 |   242 |       |       ||   599
       Shield            |       |       |       |       |   388 |  1033 |  1140 ||  2561
       Reflection        |       |       |       |       |       |       |    24 ||    24
       Rpst.: War axe    |       |       |       |    12 |    47 |       |       ||    59
       Broad axe         |       |       |       |       |     1 |    52 |    49 ||   102
